Map: Eternal Empire LE

Players

Nina - Winner!

  • Race: Protoss Protoss
  • League: Grandmaster
  • Spawn Location: 7:00

LiquidTLO (TLO)

  • Race: Zerg Zerg
  • League: Master
  • Spawn Location: 1:00

Event: DreamHack SC2 Masters 2020 Fall

VOD

Have the link to the VOD?

Description

Time

  • Played on: Sept. 3, 2020, 7:39 p.m.
  • Length: 20:31

All games in this series

Show
View Real Time Build Order
Export as new Build Order

Nina Protoss - Winner!

Build Orders: 1 Gate Expand, Oracle Opening, Carriers 

Get SALT Encoding   

  12  0:00  Probe  
  13  0:12  Probe  
  14  0:18  Pylon  
  14  0:24  Probe  
  15  0:36  Probe (Chrono Boost)  
  15  0:38  Gateway  
  16  0:48  Assimilator, Probe (Chrono Boost)  
  17  0:52  Probe (Chrono Boost)  
  18  1:03  Probe  
  19  1:15  Probe  
  20  1:24  Nexus  
  20  1:35  Cybernetics Core  
  20  1:38  Probe  
  21  1:46  Assimilator  
  21  1:50  Probe  
  21  1:53  Pylon  
  22  2:02  Probe  
  23  2:09  Warp Gate (Chrono Boost), Stalker (Chrono Boost)  
  23  2:15  Probe  
  26  2:27  Probe (Chrono Boost)  
  27  2:31  Stargate  
  27  2:35  Adept  
  29  2:37  Probe (Chrono Boost)  
  29  2:39  Probe (Chrono Boost)  
  31  2:47  Probe (Chrono Boost)  
  31  2:48  Probe (Chrono Boost)  
  33  2:52  Probe (Chrono Boost)  
  33  2:56  Gateway, Probe  
  35  3:01  Assimilator  
  35  3:03  Probe  
  36  3:08  Probe  
  37  3:15  Oracle  
  41  3:20  Probe  
  41  3:22  Probe  
  41  3:25  Pylon  
  42  3:29  Stargate  
  42  3:32  Probe  
  43  3:34  Probe  
  43  3:40  Assimilator  
  44  3:44  Probe  
  44  3:46  Probe  
  48  3:56  Oracle (Chrono Boost), Probe  
  48  3:57  Pylon  
  48  3:58  Probe  
  51  4:08  Probe  
  52  4:10  Probe  
  52  4:12  Oracle (Chrono Boost)  
  52  4:13  Pylon  
  56  4:18  Adept x2  
  56  4:21  Probe  
  61  4:31  Oracle (Chrono Boost)  
  64  4:33  Pylon, Probe  
  64  4:36  Probe  
  69  4:50  Oracle (Chrono Boost), Nexus  
  69  4:55  Pylon  
  69  4:59  Probe  
  70  5:03  Oracle (Chrono Boost)  
  73  5:12  Pylon  
  73  5:14  Zealot x2  
  73  5:15  Probe  
  81  5:21  Probe  
  81  5:25  Robotics Facility  
  81  5:27  Oracle (Chrono Boost), Probe  
  83  5:30  Pylon  
  83  5:31  Oracle (Chrono Boost)  
  86  5:37  Stalker  
  86  5:40  Zealot  
  86  5:53  Probe  
  85  5:57  Gateway  
  85  6:00  Void Ray (Chrono Boost)  
  85  6:01  Zealot x2  
  85  6:06  Void Ray (Chrono Boost)  
  85  6:09  Probe  
  82  6:13  Probe  
  82  6:17  Gateway  
  82  6:18  Gateway  
  87  6:30  Zealot x2  
  85  6:33  Probe  
  86  6:40  Probe  
  86  6:41  Probe  
  86  6:45  Probe  
  87  6:51  Adept x2  
  89  6:59  Phoenix x2 (Chrono Boost), Immortal (Chrono Boost), Probe  
  89  7:01  Probe  
  95  7:03  Probe  
  95  7:06  Gateway  
  95  7:07  Gateway  
  100  7:09  Pylon  
  100  7:11  Probe  
  101  7:17  Pylon  
  101  7:19  Pylon  
  101  7:21  Shield Battery  
  101  7:26  Forge  
  101  7:27  Probe x2  
  101  7:29  Sentry x2  
  107  7:32  Twilight Council  
  107  7:34  Protoss Air Weapons Level 1  
  107  7:39  Sentry x2  
  107  7:42  Probe  
  109  7:47  Probe  
  109  7:49  Assimilator  
  109  7:50  Assimilator  
  110  7:52  Phoenix x2  
  110  7:54  Probe  
  110  7:55  Probe  
  110  7:56  Zealot x2  
  120  7:59  Probe  
  120  8:00  Protoss Ground Weapons Level 1 (Chrono Boost)  
  120  8:04  Photon Cannon  
  121  8:06  Probe  
  121  8:08  Probe  
  121  8:10  Shield Battery  
  123  8:13  Gateway  
  123  8:19  Gateway  
  123  8:21  Phoenix  
  125  8:28  Robotics Bay  
  125  8:44  Phoenix, Nexus  
  125  8:48  Pylon  
  125  8:49  Pylon  
  125  8:51  Pylon  
  125  8:53  Blink  
  123  8:56  Pylon  
  123  9:01  Robotics Bay  
  123  9:04  Pylon  
  123  9:05  Pylon  
  123  9:09  Stalker x3  
  129  9:10  Stalker x2  
  133  9:18  Photon Cannon  
  133  9:21  Shield Battery  
  133  9:24  Templar Archives  
  133  9:25  Stalker x3  
  137  9:34  Immortal (Chrono Boost)  
  141  9:38  Stalker x2  
  141  9:39  Stalker  
  141  9:43  Gateway  
  147  9:48  Probe  
  147  9:50  Pylon x2  
  147  9:52  Psionic Storm  
  148  9:54  Unknown  
  148  9:55  Photon Cannon  
  148  10:04  High Templar x2  
  148  10:06  Zealot x2  
  154  10:16  Immortal  
  154  10:20  High Templar x2  
  162  10:22  Probe  
  162  10:23  Photon Cannon  
  162  10:28  Probe  
  164  10:29  Photon Cannon  
  164  10:30  Photon Cannon  
  164  10:31  Stalker x2  
  168  10:36  Zealot x2  
  168  10:50  Zealot x3  
  172  11:03  Stalker x3  
  172  11:18  Stalker x5  
  160  11:24  Stalker  
  154  11:32  Stalker x3  
  151  11:37  Probe  
  142  11:42  Archon x2  
  142  11:44  Probe  
  142  11:45  Stalker x2  
  142  11:46  Stalker x3  
  153  11:47  Unknown  
  153  11:48  Observer  
  153  11:50  High Templar  
  153  11:51  Protoss Ground Weapons Level 2  
  156  11:57  Photon Cannon  
  156  12:00  High Templar x3  
  162  12:09  High Templar  
  162  12:10  Zealot x4  
  162  12:13  Pylon  
  162  12:15  Phoenix (Chrono Boost)  
  172  12:20  Probe  
  171  12:24  Probe  
  171  12:26  Stalker  
  174  12:30  Charge  
  174  12:34  High Templar x2  
  178  12:39  Archon  
  178  12:41  Photon Cannon  
  178  12:42  Photon Cannon  
  178  12:48  Nexus  
  178  12:50  Immortal (Chrono Boost)  
  178  12:51  High Templar  
  178  12:52  High Templar  
  186  13:00  Archon  
  186  13:09  Pylon  
  186  13:10  Stalker x4  
  186  13:11  Pylon  
  194  13:15  Stalker x3  
  200  13:24  Pylon  
  200  13:37  Photon Cannon  
  200  13:39  Photon Cannon  
  200  13:40  Photon Cannon  
  200  13:43  Shield Battery  
  200  13:59  Photon Cannon  
  200  14:03  Photon Cannon  
  200  14:04  Fleet Beacon  
  200  14:09  Stargate  
  198  14:11  Stargate  
  192  14:18  Stalker x4  
  192  14:21  Photon Cannon  
  192  14:24  Pylon  
  200  14:29  Zealot  
  155  14:48  Stalker x2  
  155  14:49  Stalker x6  
  130  15:00  Probe x2  
  130  15:03  Carrier (Chrono Boost)  
  149  15:12  High Templar x3  
  149  15:13  High Templar, Carrier x2 (Chrono Boost)  
  157  15:20  Photon Cannon  
  157  15:26  Assimilator  
  157  15:27  Assimilator  
  157  15:34  Carrier (Chrono Boost)  
  161  16:00  High Templar, Carrier  
  161  16:01  High Templar  
  171  16:04  Nexus  
  171  16:05  Archon  
  171  16:12  Carrier  
  176  16:18  Carrier  
  182  16:39  Stalker  
  172  16:41  Stalker x6  
  172  16:44  Carrier  
  184  16:51  Probe  
  185  17:03  Pylon  
  185  17:04  Carrier, Pylon  
  185  17:05  High Templar x2  
  185  17:06  Zealot x3  
  197  17:10  Archon  
  197  17:12  Photon Cannon  
  197  17:13  Cybernetics Core  
  197  17:14  Photon Cannon  
  197  17:16  Photon Cannon  
  197  17:21  Photon Cannon  
  191  17:23  Observer  
  191  17:28  Zealot x4  
  194  17:49  Carrier  
  198  18:03  High Templar  
  198  18:04  High Templar  
  197  18:12  Assimilator  
  197  18:17  Photon Cannon  
  197  18:20  Observer  
  198  18:36  Photon Cannon  
  198  18:39  Nexus  
  198  18:41  Photon Cannon  
  198  18:56  Dark Shrine  
  196  19:24  Nexus  
  194  19:37  Pylon  
  194  19:42  Nexus  
  194  19:43  Nexus  
  194  19:51  Nexus  
  194  20:03  High Templar x4  
Show
View Real Time Build Order
Export as new Build Order

LiquidTLO Zerg 

Build Orders: Hatch First, Lurkers, Roach Hydra 

Get SALT Encoding   

  12  0:00  Drone  
  13  0:12  Overlord  
  13  0:17  Drone  
  14  0:31  Drone x2  
  16  0:48  Hatchery  
  15  0:51  Drone  
  15  0:55  Drone  
  17  0:58  Drone  
  17  1:03  Extractor  
  17  1:14  Spawning Pool  
  17  1:17  Drone  
  17  1:20  Drone  
  18  1:28  Drone  
  19  1:39  Drone  
  20  1:49  Drone  
  21  2:01  Queen x2  
  23  2:02  Drone x2  
  27  2:15  Hatchery  
  26  2:20  Metabolic Boost  
  26  2:25  Overlord  
  26  2:28  Zergling x2  
  27  2:31  Drone  
  27  2:36  Overlord  
  28  2:42  Overlord  
  28  2:44  Drone  
  28  2:50  Drone  
  30  2:54  Queen  
  30  2:58  Drone  
  33  2:59  Drone  
  33  3:02  Drone  
  33  3:04  Drone  
  36  3:07  Drone  
  36  3:10  Drone  
  36  3:12  Drone  
  39  3:14  Drone  
  40  3:20  Roach Warren  
  40  3:22  Zergling x2  
  40  3:25  Drone  
  41  3:30  Queen  
  43  3:36  Zergling x4  
  43  3:38  Drone  
  46  3:41  Drone  
  46  3:44  Overlord  
  46  3:45  Drone  
  48  3:49  Drone, Overlord  
  48  3:54  Drone  
  50  3:58  Spore Crawler  
  50  3:59  Drone, Spore Crawler  
  50  4:00  Drone  
  50  4:04  Drone x2  
  50  4:05  Drone  
  50  4:07  Drone  
  50  4:09  Drone  
  55  4:11  Drone  
  55  4:12  Drone  
  55  4:15  Drone  
  55  4:16  Drone  
  59  4:18  Drone  
  59  4:21  Drone, Spore Crawler  
  60  4:25  Overlord  
  60  4:28  Drone x2  
  60  4:29  Drone  
  63  4:34  Roach  
  63  4:35  Roach  
  63  4:37  Roach  
  68  4:39  Lair  
  68  4:42  Drone  
  69  4:47  Drone  
  69  4:50  Roach x2  
  69  4:51  Roach  
  76  4:53  Drone  
  76  4:54  Extractor  
  76  4:56  Overlord  
  76  5:01  Hatchery  
  76  5:02  Drone  
  76  5:03  Roach  
  76  5:05  Drone  
  76  5:06  Drone, Zergling x2  
  81  5:09  Overlord  
  81  5:10  Zergling x2  
  82  5:15  Overlord  
  82  5:16  Drone, Extractor  
  82  5:17  Extractor  
  82  5:18  Drone, Extractor  
  82  5:19  Drone, Extractor  
  82  5:21  Drone  
  82  5:22  Drone x3  
  82  5:24  Drone  
  82  5:26  Overlord  
  82  5:28  Drone  
  87  5:30  Drone, Zergling x2  
  87  5:31  Overlord  
  87  5:32  Drone  
  90  5:46  Drone  
  90  5:47  Drone  
  90  5:48  Drone  
  90  5:49  Drone  
  92  5:51  Roach x2  
  92  5:55  Zergling x4  
  92  5:56  Zergling x2  
  96  6:00  Zergling x2  
  96  6:01  Zergling x2  
  96  6:02  Queen, Spire  
  99  6:04  Spore Crawler x2  
  99  6:07  Spore Crawler x2  
  99  6:10  Drone x2  
  99  6:11  Zergling x4, Spore Crawler  
  95  6:13  Drone  
  95  6:15  Drone  
  95  6:18  Zergling x2  
  88  6:19  Zergling x2  
  88  6:20  Zergling x2  
  88  6:26  Drone, Spore Crawler  
  88  6:27  Zergling x6  
  88  6:29  Drone  
  92  6:33  Spire  
  92  6:34  Drone, Zergling x4  
  92  6:38  Drone  
  89  6:41  Drone x2  
  89  6:53  Spore Crawler  
  85  7:00  Drone  
  84  7:02  Drone  
  84  7:03  Hatchery  
  84  7:05  Drone, Unknown  
  84  7:06  Drone  
  86  7:08  Zergling x2  
  86  7:12  Drone x2  
  88  7:17  Drone  
  88  7:18  Spore Crawler  
  88  7:19  Glial Reconstitution  
  88  7:21  Overseer  
  88  7:24  Drone  
  88  7:26  Queen  
  88  7:29  Overlord  
  90  7:37  Overlord  
  88  7:46  Mutalisk x6  
  88  7:47  Mutalisk  
  102  7:53  Drone  
  103  7:58  Drone  
  103  7:59  Drone x2  
  103  8:00  Hydralisk Den  
  103  8:03  Drone x2  
  103  8:04  Drone  
  108  8:07  Spore Crawler  
  108  8:09  Drone, Zergling x2  
  109  8:13  Evolution Chamber  
  109  8:17  Drone x2  
  109  8:18  Drone  
  111  8:21  Corruptor  
  111  8:22  Corruptor  
  111  8:26  Drone x2, Spore Crawler  
  116  8:29  Grooved Spines  
  116  8:32  Hydralisk x2  
  120  8:40  Hydralisk x3  
  121  8:43  Hydralisk  
  121  8:46  Hydralisk  
  123  8:51  Zerg Missile Weapons Level 1  
  123  8:52  Overlord  
  123  8:53  Zergling x4  
  125  8:57  Hydralisk  
  125  8:59  Overlord x2  
  127  9:03  Overlord  
  127  9:08  Overlord  
  127  9:10  Overlord  
  127  9:11  Hydralisk x2  
  127  9:15  Overlord  
  131  9:18  Hydralisk  
  131  9:20  Drone, Infestation Pit, Hydralisk  
  135  9:25  Hydralisk x2  
  135  9:28  Hydralisk x2  
  142  9:32  Roach  
  142  9:33  Roach  
  142  9:37  Hydralisk x2  
  150  9:38  Zergling x2  
  150  9:39  Zergling x2  
  150  9:40  Overlord  
  150  9:41  Muscular Augments  
  150  9:43  Hydralisk  
  150  9:45  Hydralisk  
  154  9:47  Hydralisk  
  154  9:50  Hydralisk  
  160  9:53  Hydralisk  
  160  9:55  Drone  
  160  9:56  Hive  
  160  9:58  Hydralisk  
  165  10:01  Hydralisk, Zergling x2  
  165  10:03  Hydralisk  
  165  10:05  Roach  
  171  10:07  Roach  
  171  10:09  Roach  
  171  10:11  Overseer  
  171  10:12  Roach x2  
  179  10:14  Roach  
  179  10:17  Overlord  
  179  10:18  Overlord  
  179  10:19  Hydralisk  
  183  10:21  Hydralisk  
  183  10:24  Roach  
  187  10:30  Roach x2  
  187  10:33  Overlord  
  191  10:36  Roach  
  191  10:39  Roach x2  
  191  10:41  Roach  
  191  10:42  Roach  
  200  10:43  Roach  
  199  10:52  Roach  
  199  10:56  Roach  
  200  11:01  Roach  
  200  11:02  Roach x2  
  197  11:05  Roach  
  197  11:06  Roach  
  197  11:07  Roach  
  197  11:10  Roach x2  
  186  11:12  Roach  
  186  11:13  Hydralisk  
  186  11:14  Hydralisk x2  
  186  11:16  Roach  
  186  11:17  Roach, Hydralisk x2  
  186  11:18  Hydralisk  
  182  11:19  Roach x2  
  182  11:21  Hydralisk  
  182  11:24  Roach  
  182  11:25  Roach x2  
  190  11:29  Roach  
  190  11:30  Hydralisk  
  190  11:31  Hydralisk x3  
  190  11:32  Hydralisk  
  166  11:35  Overseer  
  166  11:36  Zerg Missile Weapons Level 2  
  166  11:38  Hydralisk  
  166  11:39  Lurker Den  
  143  11:40  Roach  
  143  11:42  Drone  
  143  11:43  Hydralisk  
  146  11:47  Lurker Den  
  146  11:50  Drone  
  146  11:54  Hydralisk  
  146  11:57  Hydralisk x2  
  146  12:00  Ravager x3  
  155  12:02  Roach, Hatchery  
  155  12:03  Roach  
  155  12:06  Roach, Hydralisk  
  164  12:08  Roach  
  164  12:11  Hydralisk  
  166  12:21  Roach  
  168  12:29  Drone  
  165  12:30  Drone x3  
  168  12:38  Lurker  
  168  12:39  Seismic Spines  
  168  12:41  Lurker x4  
  171  12:47  Adaptive Talons  
  171  12:48  Drone x3  
  171  12:49  Zergling x2  
  171  12:51  Extractor, Overlord  
  170  12:55  Lurker, Extractor  
  170  12:57  Lurker  
  169  12:59  Zergling x2  
  169  13:03  Lurker  
  169  13:04  Drone x2  
  169  13:05  Drone  
  174  13:10  Lurker  
  174  13:11  Lurker  
  176  13:16  Ravager  
  176  13:18  Hydralisk  
  176  13:19  Hatchery  
  178  13:24  Hydralisk x2, Spore Crawler, Hatchery  
  178  13:28  Hydralisk x2  
  178  13:30  Hydralisk x2  
  186  13:35  Hydralisk  
  186  13:36  Hydralisk  
  186  13:40  Hydralisk  
  192  13:43  Hydralisk x2  
  192  13:44  Hydralisk, Spore Crawler  
  193  13:49  Spore Crawler  
  193  13:50  Hydralisk x3  
  192  13:57  Hydralisk x3  
  192  14:01  Hydralisk  
  199  14:04  Hydralisk  
  199  14:07  Hydralisk  
  198  14:10  Hydralisk x2, Overseer  
  198  14:14  Roach  
  199  14:27  Roach x2  
  199  14:28  Hydralisk  
  197  14:39  Hydralisk x2  
  197  14:43  Roach x2  
  197  14:44  Roach  
  197  14:45  Roach  
  175  14:47  Roach x3  
  175  14:48  Roach x12  
  175  14:51  Roach  
  160  14:53  Roach  
  160  14:54  Roach  
  160  14:58  Lurker  
  147  15:02  Hydralisk x2  
  147  15:03  Roach  
  147  15:04  Roach  
  155  15:10  Lurker x2  
  155  15:11  Lurker x2  
  159  15:15  Hydralisk  
  159  15:19  Lurker  
  159  15:20  Hydralisk  
  159  15:21  Hydralisk  
  164  15:23  Hydralisk  
  164  15:27  Extractor x2, Spore Crawler  
  165  15:30  Hydralisk  
  165  15:32  Hydralisk  
  165  15:34  Hydralisk  
  171  15:37  Hydralisk  
  170  15:42  Hydralisk  
  170  15:43  Hydralisk  
  170  15:47  Queen  
  170  15:48  Hydralisk  
  174  15:51  Hydralisk  
  174  15:56  Spine Crawler  
  173  15:59  Lurker x3  
  173  16:01  Hydralisk  
  173  16:03  Overseer  
  176  16:04  Overseer  
  176  16:07  Hydralisk  
  176  16:09  Overseer  
  176  16:10  Hydralisk  
  180  16:11  Overlord  
  180  16:20  Overseer x3  
  180  16:23  Spore Crawler  
  176  16:30  Hydralisk x2  
  172  16:34  Hydralisk x5  
  172  16:37  Hydralisk  
  168  16:40  Hydralisk  
  168  16:44  Hydralisk  
  166  16:48  Hydralisk  
  162  16:56  Corruptor x2  
  159  17:01  Corruptor  
  159  17:07  Corruptor  
  155  17:10  Overlord  
  155  17:15  Corruptor  
  152  17:20  Corruptor  
  148  17:24  Corruptor  
  148  17:29  Corruptor  
  144  17:35  Overlord  
  144  17:37  Drone  
  143  17:42  Roach x3  
  143  17:43  Roach  
  151  17:46  Roach  
  151  17:48  Roach  
  151  17:50  Hydralisk  
  157  17:54  Lurker x2  
  157  17:57  Drone  
  160  18:00  Hydralisk  
  160  18:01  Infestor  
  160  18:04  Zergling x2  
  165  18:09  Corruptor  
  165  18:11  Corruptor  
  166  18:14  Drone  
  166  18:17  Corruptor  
  169  18:21  Pneumatized Carapace  
  169  18:27  Hydralisk x2  
  169  18:33  Hydralisk x2  
  173  18:37  Hydralisk  
  173  18:40  Hydralisk  
  179  18:43  Overseer  
  179  18:52  Hydralisk, Overlord  
  172  19:02  Overlord  
  172  19:03  Overlord x2  
  172  19:04  Corruptor  
  172  19:09  Overlord  
  174  19:10  Overlord  
  174  19:12  Corruptor  
  174  19:15  Corruptor  
  178  19:18  Corruptor  
  178  19:22  Hydralisk  
  182  19:29  Hydralisk  
  182  19:30  Hydralisk x2  
  185  19:32  Hydralisk  
  185  19:36  Hydralisk  
  189  19:41  Lurker x3  
  189  19:45  Hydralisk  
  194  19:50  Hydralisk  
  194  19:51  Hydralisk x2  
  189  20:02  Hydralisk x2  
  189  20:04  Hydralisk x2  
  189  20:06  Hydralisk x2  

Tags
 
Add a new tag
Caveats
  • Supply blocks, unpowered buildings, or Contaminate may cause inaccurate times.
  • Supply counts are checked every 10 seconds.